 Dungeon Crawl Stone Soup version 0.28.0-61-g67df4f89a8 (webtiles) character file.

Game seed: 2959619583245242742

17756 jjjjhere the Spry (level 12, 0/51 HPs)
             Began as a Spriggan Air Elementalist on Feb 20, 2023.
             Was a Priest of Sif Muna.
             Slain by a boulder beetle (41 damage)
             ... on level 3 of the Lair of Beasts.
             The game lasted 00:32:05 (21564 turns).

jjjjhere the Spry (Spriggan Air Elementalist)      Turns: 21564, Time: 00:32:06

Health: 0/51       AC:  4    Str:  4    XL:     12   Next: 21%
Magic:  4/23       EV: 38    Int: 26    God:    Sif Muna [***...]
Gold:   653        SH:  5    Dex: 31    Spells: 12/25 levels left

rFire   + . .      SeeInvis +   e - staff of conjuration
rCold   . . .      Faith    .   (shield currently unavailable)
rNeg    . . .      Spirit   .   h - +1 robe of Viumyrewn {rF+ Int+6 Dex+2}
rPois   .          Reflect  +   D - +1 hat {Stlth+}
rElec   .          Harm     .   (no cloak)
rCorr   .          Rampage  .   (gloves unavailable)
Will    ++...                   (boots unavailable)
Stlth   +++++++...              d - amulet of reflection
HPRegen 0.17/turn               k - +6 ring of dexterity
MPRegen 0.18/turn               t - +6 ring of dexterity

@: very quick
A: very small, no large weapons, unfitting armour, see invisible, speed 3
a: Renounce Religion, Channel Magic, Forget Spell


You were on level 3 of the Lair of Beasts.
You worshipped Sif Muna.
Sif Muna was most pleased with you.
You visited 2 branches of the dungeon, and saw 11 of its levels.

You collected 653 gold pieces.

Inventory:

Hand Weapons
 b - a +0 dagger
Missiles
 q - 2 atropa-tipped darts
 y - a throwing net
Armour
 h - the +1 robe of Viumyrewn (worn) {rF+ Int+6 Dex+2}
   (You found it on level 2 of the Dungeon)

   Int:       It affects your intelligence (+6).
   Dex:       It affects your dexterity (+2).
   rF:        It protects you from fire.
 D - a +1 hat of stealth (worn)
Magical Staves
 e - a staff of conjuration (weapon)
Jewellery
 d - an amulet of reflection (around neck)
 k - a +6 ring of dexterity (left hand)
 s - a ring of fire
 t - a +6 ring of dexterity (right hand)
Wands
 u - a wand of iceblast (9)
 E - a wand of acid (5)
Scrolls
 i - a scroll of fog
 l - 3 scrolls of vulnerability
 p - a scroll of blinking
 w - a scroll of teleportation
 x - a scroll of amnesia
 A - a scroll of holy word {unknown}
 B - a scroll of summoning {unknown}
 C - a scroll of identify
 F - a scroll of torment {unknown}
Potions
 a - a potion of brilliance {unknown}
 c - 2 potions of heal wounds
 f - 3 potions of berserk rage
 g - 4 potions of attraction
 j - a potion of lignification {unknown}
 m - 3 potions of mutation
 n - 4 potions of might
 o - a potion of invisibility
 r - 2 potions of flight
 v - a potion of curing
 z - 4 potions of ambrosia


   Skills:
 - Level 0.8 Staves
 - Level 15.0 Dodging
 + Level 11.0 Stealth
 - Level 7.2 Spellcasting
 - Level 0.7 Conjurations
 + Level 13.2 Air Magic


You had 12 spell levels left.
You knew the following spells:

 Your Spells              Type           Power      Damage    Failure   Level
a - Shock                 Conj/Air       100%       1d9       1%          1
b - Airstrike             Air            33%        N/A       1%          4
c - Lightning Bolt        Conj/Air       31%        1d48      10%         5
d - Mephitic Cloud        Conj/Pois/Air  50%        N/A       2%          3

Your spell library contained the following spells:

 Spells                   Type           Power      Damage    Failure   Level
 Static Discharge         Conj/Air       62%        N/A       1%          2
 Swiftness                Air            67%        N/A       1%          3
 Magic Dart               Conj           76%        1d6       4%          1
 Beastly Appendage        Tmut           18%        N/A       6%          1
 Call Imp                 Summ           9%         N/A       10%         2
 Ensorcelled Hibernation  Hex/Ice        18%        N/A       10%         2
 Wereblood                Tmut           9%         N/A       10%         2
 Ozocubu's Armour         Ice            9%         N/A       19%         3
 Spider Form              Tmut/Pois      9%         N/A       19%         3
 Anguish                  Hex/Necr       4%         N/A       52%         4
 Maxwell's Capacitive Co  Air            33%        ∞         87%         8
 Ozocubu's Refrigeration  Ice            4%         4d5       100%        7


Dungeon Overview and Level Annotations

Branches:
Dungeon (8/15)             Temple (0/1) D:7            Lair (3/6) D:8
 Shoals (0/4) Lair:2        Snake (0/4) Lair:3

Altars:
Ashenzari
Cheibriados
Dithmenos
Fedhas
Makhleb
Nemelex Xobeh
Qazlal
Sif Muna
Vehumet
Xom
Yredelemnul
Beogh

Shops:
D:6 =

Annotations:
D:7 2 transporters
D:8 2 transporters, cbfl8's ghost, novice MiBe


Innate Abilities, Weirdness & Mutations

You are very small and have problems with some larger weapons.
You are too small for most types of armour.
You have supernaturally acute eyesight. (SInv)
You cover ground extremely quickly. (Speed+++)


Message History

Aiming: Airstrike (safe; 1% risk of failure)
Press: ? - help, Q - select action, (/) - cycle Dir - move target, f/p - boulder beetle
Aim: a boulder beetle (lightly wounded, rolling, empty space bonus: 8/8)
The air twists around and strikes the boulder beetle.
The boulder beetle is lightly wounded.
The boulder beetle completely misses you.
The boulder beetle stops rolling and uncurls.
Aiming: Airstrike (safe; 1% risk of failure)
Press: ? - help, Q - select action, (/) - cycle Dir - move target, f/p - boulder beetle
Aim: a boulder beetle (lightly wounded, empty space bonus: 4/8)
The air twists around and strikes the boulder beetle!
The boulder beetle is moderately wounded.
The boulder beetle bites you.
Aiming: Airstrike (safe; 1% risk of failure)
Press: ? - help, Q - select action, (/) - cycle Dir - move target, f/p - boulder beetle
Aim: a boulder beetle (moderately wounded, empty space bonus: 4/8)
The air twists around and strikes the boulder beetle but does no damage.
The boulder beetle bites you!
The boulder beetle curls into a ball and begins rolling!
Casting: Airstrike (safe; 1% risk of failure)
Confirm with . or Enter, or press ? or * to list all spells.
Aiming: Mephitic Cloud (dangerous; 2% risk of failure)
Press: ? - help, Shift-Dir - straight line, p - boulder beetle You feel a surge of power!
That beam is likely to hit you.
Continue anyway? [Y]es or [N]o only, please.
That beam is likely to hit you.
Continue anyway?
Okay, then.
Casting: Mephitic Cloud (dangerous; 2% risk of failure)
Confirm with . or Enter, or press ? or * to list all spells.
Aiming: Mephitic Cloud (dangerous; 2% risk of failure)
Press: ? - help, Shift-Dir - straight line, f - boulder beetle
Aim: a boulder beetle (lightly wounded, rolling, chance to affect: 43%)
You feel a surge of power!
The ball explodes into a vile cloud!
The stinking cloud engulfs the boulder beetle but does no damage.
The boulder beetle is lightly wounded.
The boulder beetle is engulfed in noxious fumes. x2
The boulder beetle hits you!!!
Ouch! That really hurt!
You die...

.##...## #P...#######....##....
####..## ##....#.#.##...#.....#
## ##..## #....##..##.......#°.
P# #....######..##..##.......°°#.
## #............#...............P
# #.............................
## #..####.......................
.###.#.# ###.#....☼§.°°†.........
P##...######....@B§°°#...........
.......#.#........§§.............
....P..........#....[............
..####......###..P.....#.........
P## ##.................#........
## #.................#........ #
##.......................>.. #
##.....#....P................
#####......#.....P..............#


You could see a boulder beetle (rolling).

Vanquished Creatures
  Gastronok (Lair:2)
  Harold (D:8)
  2 hydras
  Erica (D:7)
  A two-headed ogre (D:8)
  A manticore (Lair:2)
  2 black mambas
  5 cane toads
  6 komodo dragons
  A queen bee (Lair:2)
  A polar bear (Lair:2)
  A wind drake (Lair:2)
  Sigmund (D:4)
  17 yaks
  3 wyverns
  6 basilisks
  15 water moccasins
  An acid dragon (D:8)
  An orc warrior (D:7)
  2 ice beasts
  2 sky beasts (D:6)
  9 black bears
  2 centaurs
  An ogre (D:7)
  4 bullfrogs
  Blork the orc (D:5)
  A gnoll sergeant (D:7)
  A water moccasin zombie (D:6)
  A wyvern skeleton (D:7)
  19 killer bees (Lair:2)
  A howler monkey (D:6)
  A centaur zombie (D:6)
  A jelly (D:7)
  A gnoll shaman (D:6)
  A bullfrog skeleton (D:6)
  2 centaur skeletons
  3 hounds
  2 orc priests (D:3)
  3 iguanas
  An orc wizard (D:3)
  A killer bee zombie (D:6)
  A howler monkey skeleton (D:7)
  4 adders
  19 gnolls
  A white imp (D:7)
  An ufetubus (D:4)
  An adder skeleton (D:4)
  5 worms
  A dart slug (D:4)
  12 orcs
  3 bats
  7 endoplasms
  6 giant cockroaches
  8 goblins
  12 hobgoblins
  6 jackals
  5 kobolds
  5 quokkas
  10 ball pythons
  7 frilled lizards
  4 rats
245 creatures vanquished.

Vanquished Creatures (others)
  29 fungi
  79 plants
  2 withered plants (D:6)
110 creatures vanquished.

Grand Total: 355 creatures vanquished

Notes
Turn   | Place    | Note
-------+----------+-------------------------------------------
     0 | D:1      | jjjjhere the Spriggan Air Elementalist began the quest for
                  | the Orb.
     0 | D:1      | Reached XP level 1. HP: 9/9 MP: 5/5
   205 | D:1      | Reached XP level 2. HP: 13/13 MP: 1/7
   988 | D:1      | Reached XP level 3. HP: 13/16 MP: 3/9
  1055 | D:1      | Found a faded altar of an unknown god.
  1502 | D:2      | HP: 5/16 [worm (11)]
  2083 | D:2      | Identified the +1 robe of Viumyrewn {rF+ Int+6 Dex+2}
  2130 | D:2      | Reached XP level 4. HP: 21/21 MP: 3/11
  2898 | D:3      | Found a shadowy altar of Dithmenos.
  3235 | D:2      | Learned a level 4 spell: Airstrike
  3335 | D:3      | Reached XP level 5. HP: 24/24 MP: 3/13
  3474 | D:3      | Reached skill level 5 in Spellcasting
  3580 | D:3      | Found a snail-covered altar of Cheibriados.
  3687 | D:3      | Found a burning altar of Makhleb.
  4127 | D:4      | Noticed Sigmund
  4333 | D:4      | Killed Sigmund
  4334 | D:4      | Reached XP level 6. HP: 28/28 MP: 2/16
  4928 | D:4      | Found a shimmering blue altar of Sif Muna.
  4928 | D:4      | Found a stormy altar of Qazlal.
  4933 | D:4      | Became a worshipper of Sif Muna the Loreminder
  5064 | D:5      | Entered Level 5 of the Dungeon
  5239 | D:5      | Noticed Blork the orc
  5247 | D:5      | Killed Blork the orc
  5248 | D:5      | Reached skill level 5 in Air Magic
  5248 | D:5      | Reached XP level 7. HP: 32/32 MP: 4/18
  6094 | D:5      | Reached skill level 5 in Stealth
  6559 | D:6      | Found a basalt altar of Yredelemnul.
  6948 | D:6      | Reached XP level 8. HP: 36/36 MP: 7/19
  7188 | D:6      | Reached * piety under Sif Muna
  7559 | D:6      | Found Valero Onem's Jewellery Boutique.
  7822 | D:6      | Reached skill level 3 in Dodging
  8013 | D:6      | Reached skill level 4 in Dodging
  8336 | D:7      | Found a staircase to the Ecumenical Temple.
  8396 | D:7      | Reached skill level 5 in Dodging
  8722 | D:7      | Found a shimmering altar of Xom.
  8790 | D:7      | Found a transporter.
  9021 | D:7      | Reached skill level 6 in Dodging
  9021 | D:7      | Reached XP level 9. HP: 39/39 MP: 11/20
  9186 | D:7      | Found a radiant altar of Vehumet.
  9420 | D:7      | Found a transporter.
  9423 | D:7      | Noticed a two-headed ogre
  9424 | D:7      | Noticed an ogre mage
  9544 | D:8      | Found a transporter.
  9608 | D:8      | Noticed cbfl8's ghost (novice MiBe)
  9653 | D:8      | Identified the ring of Jefijil {AC+4 Int+4}
  9666 | D:8      | Reached skill level 7 in Dodging
  9832 | D:8      | Noticed Erica
 10020 | D:7      | Killed Erica
 10021 | D:7      | Reached skill level 8 in Dodging
 10154 | D:8      | Found a transporter.
 10423 | D:8      | Reached skill level 9 in Dodging
 10562 | D:8      | Noticed Harold
 10719 | D:8      | Noticed a two-headed ogre
 10724 | D:8      | Killed a two-headed ogre
 10725 | D:8      | Reached skill level 10 in Dodging
 10725 | D:8      | Reached XP level 10. HP: 44/44 MP: 1/21
 10989 | D:8      | Found a sparkling altar of Nemelex Xobeh.
 10989 | D:8      | Found a broken altar of Ashenzari.
 11149 | D:8      | Found a blossoming altar of Fedhas.
 11192 | D:8      | Found a staircase to the Lair.
 11406 | D:8      | HP: 4/44 [Harold/harpoon shot (17)]
 11887 | D:8      | HP: 12/44 [acid dragon/splash of acid (32)]
 12163 | D:8      | Killed Harold
 12164 | D:8      | Reached skill level 11 in Dodging
 12164 | D:8      | Reached skill level 10 in Air Magic
 12330 | Lair:1   | Entered Level 1 of the Lair of Beasts
 12723 | D:8      | Learned a level 5 spell: Lightning Bolt
 12870 | Lair:1   | Reached skill level 12 in Dodging
 12872 | Lair:1   | Reached ** piety under Sif Muna
 12875 | Lair:1   | Noticed a five-headed hydra
 12999 | D:8      | Killed a five-headed hydra
 13213 | Lair:1   | Noticed a black mamba
 13229 | Lair:1   | Killed a black mamba
 13404 | Lair:1   | Reached XP level 11. HP: 47/47 MP: 9/22
 13794 | Lair:1   | Reached skill level 13 in Dodging
 15563 | Lair:2   | Reached skill level 14 in Dodging
 16143 | Lair:2   | Found a staircase to the Shoals.
 16150 | Lair:2   | Noticed Gastronok
 17229 | Lair:2   | Reached *** piety under Sif Muna
 17455 | Lair:2   | Reached skill level 15 in Dodging
 18985 | Lair:2   | Killed Gastronok
 19198 | Lair:3   | Noticed a five-headed hydra
 19254 | Lair:3   | Killed a five-headed hydra
 19255 | Lair:3   | Reached XP level 12. HP: 51/51 MP: 6/23
 19373 | Lair:3   | Found a staircase to the Snake Pit.
 19607 | Lair:3   | Reached skill level 10 in Stealth
 19847 | Lair:3   | Noticed a boulder beetle
 19924 | Lair:3   | Learned a level 3 spell: Mephitic Cloud
 21564 | Lair:3   | Slain by a boulder beetle

Illustrated notes

Levels and vault maps discovered:
D:1:      mushboom_english_gardens, layout_loops_ring,
          hellmonk_ecumenical_altar_run_dry, minmay_cupped
D:2:      minmay_inner_zag, layout_loops_ring
D:3:      layout_rooms, nicolae_overflow_crystal_walls,
          mainiacjoe_overflow_alcove_2, mainiacjoe_overflow_tiny_flanked,
          minmay_fountain_box
D:4:      layout_rooms, gammafunk_temple_overflow_statue, grunt_ministairs_6,
          hangedman_decor_diamond_cutter, amcnicky_mini_corridor_feature,
          uniq_sigmund
D:5:      layout_basic, uniq_blork_the_orc
D:6:      layout_basic, yredelemnul_altar_generic,
          minmay_shop_enchanted_jewellery, nrook_uturn, minmay_quadrilaterals
D:7:      gammafunk_beogh_shrine, layout_loops_ring, nicolae_vehumet_radiance,
          mainiacjoe_overflow_six_doors_small, minmay_temple_entry_ruins
D:8:      layout_basic, mainiacjoe_overflow_alcove_4,
          gammafunk_temple_overflow_elements, minmay_lair_entry_grove,
          gammafunk_ghost_gnarly_gnolls, uniq_erica, uniq_harold
Lair:1:   layout_cave_pods, serial_bayou_lagoon_a, grunt_megastairs_4
Lair:2:   layout_loops_ring, minmay_shoals_entry_beasts, special_room
          [special_room_bee], uniq_gastronok
Lair:3:   layout_layer_cave, dummy_snake_entry, beast_lair_carwin_10

Skill      XL: |  1  2  3  4  5  6  7  8  9 10 11 12 |
---------------+-------------------------------------+-----
Spellcasting   | 3 4 6 7 |  7.2
Stealth        | 4 7 8 9 11 | 11.0
Air Magic      | 3 4 5 6 7 9 11 12 13 | 13.2
Dodging        | 6 10 12 15 | 15.0
Staves         | |  0.8
Conjurations   | |  0.7

Action                   |  1- 3 |  4- 6 |  7- 9 | 10-12 || total
-------------------------+-------+-------+-------+-------++-------
Melee: Dagger            |    28 |       |       |       ||    28
       Staff             |     8 |     2 |       |     3 ||    13
Throw: Dart              |       |       |       |     2 ||     2
 Cast: Shock             |   104 |   100 |   140 |     2 ||   346
       Airstrike         |       |    10 |    86 |   241 ||   337
       Lightning Bolt    |       |       |       |    23 ||    23
       Mephitic Cloud    |       |       |       |     5 ||     5
Evoke: Wand              |       |       |       |     1 ||     1
  Use: Scroll            |       |       |    10 |     8 ||    18
 Stab: Sleeping          |     5 |     2 |       |       ||     7
Armor: Robe              |     5 |     1 |     1 |       ||     7
Dodge: Dodged            |    75 |    11 |    16 |    23 ||   125
Block: Other             |       |       |     3 |     6 ||     9
